 Dungeon Crawl Stone Soup version 0.17-a0-1997-ga88ed7d (webtiles) character file.

617 Ordine the Skirmisher (level 7, -4/52 HPs)
             Began as an Octopode Fighter on Oct 8, 2015.
             Was a Follower of Dithmenos.
             Killed by divine providence
             ... invoked by an orc priest
              (15 damage)
             ... on level 4 of the Dungeon.
             The game lasted 00:13:23 (5197 turns).

Ordine the Skirmisher (Octopode Fighter)            Turns: 5197, Time: 00:13:23

Health: -4/52      AC:  2    Str: 17    XL:     7   Next: 45%
Magic:  7/7        EV: 11    Int: 10    God:    Dithmenos [*.....]
Gold:   126        SH:  9    Dex: 14    Spells: 0 memorised, 6 levels left

rFire  . . .     SeeInvis .     a - +0 long sword
rCold  . . .     Clarity  .     b - +0 shield
rNeg   . . .     SustAt   .     (helmet restricted)
rPois  .         Gourm    .     (no amulet)
rElec  .         Spirit   .     (no ring)
rCorr  .         Warding  .     (no ring)
rMut   .         Stasis   .     (no ring)
MR     .....                    (no ring)
Stlth  +++.......               (no ring)
                                (no ring)
                                (no ring)
                                (no ring)

@: wreathed by umbra, not resistant to hostile enchantments, fairly stealthy
A: almost no armour, amphibious, 8 rings, constrict 8, camouflage 1, shaggy fur
1, strong 1, gelatinous body 1
a: Renounce Religion


You were on level 4 of the Dungeon.
You worshipped Dithmenos.
Dithmenos was aware of your devotion.
You were not hungry.

You visited 1 branch of the dungeon, and saw 7 of its levels.
You also visited: Sewer.

You collected 270 gold pieces.
You spent 144 gold pieces at shops.

Inventory:

Hand Weapons
 a - a +0 long sword (weapon)
Missiles
 g - 76 stones (quivered)
Armour
 b - a +0 shield (worn)
Wands
 q - a wand of magic darts (16)
Scrolls
 d - 2 scrolls of teleportation
 i - a scroll of recharging
 l - 2 scrolls of fear
 m - 5 scrolls of remove curse
 o - 2 scrolls of identify
Potions
 c - a potion of flight
 e - a potion of haste
 j - 2 potions of might
 k - 2 potions of magic
Comestibles
 f - 4 meat rations
 h - 3 fruits
 p - 2 bread rations


   Skills:
 + Level 6.2 Fighting
 + Level 5.8 Long Blades
 - Level 3.0 Dodging
 - Level 3.0 Shields


You had 6 spell levels left.
You didn't know any spells.

Dungeon Overview and Level Annotations

Branches:
Dungeon (7/15)             Temple (0/1) D:5

Altars:
Ashenzari
Dithmenos
Fedhas
Gozag
Okawaru
Qazlal
Vehumet
The Shining One

Shops:
D:4 *   D:5 =


Innate Abilities, Weirdness & Mutations

You cannot wear most types of armour.
You are amphibious.
You can wear up to eight rings at the same time.
You can use your tentacles to constrict eight enemies at once.
Your skin changes colour to match your surroundings (Stealth).
Your rubbery body absorbs attacks (AC +1).
You are covered in fur (AC +1).
Your muscles are strong. (Str +2)


Message History

You constrict the orc wizard. The orc wizard hits you with a dagger.
The orc wizard hits you with a dagger!
* * * LOW HITPOINT WARNING * * *
You are too injured to fight recklessly!
You hit the orc wizard but do no damage.
The orc wizard is heavily wounded.
You constrict the orc wizard. The orc wizard completely misses you.
The orc wizard barely misses you.
You hit the orc wizard.
The orc wizard is almost dead.
You constrict the orc wizard.
You kill the orc wizard!
Dithmenos accepts your kill. The orc priest closely misses you.
You hit the orc priest. You grab the orc priest.
The orc priest is severely wounded.
You constrict the orc priest, but do no damage.
The orc priest mumbles some strange prayers to Beogh against you.
Something smites you!
You die...

).........##...#..#.#
..).................
#.....#.#.##...#..# # #
#.................#.# .#
......[...........#.##..#
...................... .#
#.....#.#.##...#..#.##..#
#..#..#.#.##.............
...............#@)#...#.#
...#..#.#.##.#.#o)....#.#
####.....................
.................###
#.#.##.(.#..##..#
............ ..#
o........ ... ........##
#### ##.###.##


You could see an orc priest.

Vanquished Creatures
  Purgy (Sewer)
  An ogre (D:4)
  A scorpion (D:5)
  An orc priest (D:4)
  Crazy Yiuf (D:2)
  2 orc wizards (D:4)
  3 worker ants
  Robin (D:4)
  A river rat (D:3)
  8 adders
  An ooze (D:1)
  6 worms
  The ghost of deadman1740 the Slasher, a weakling MiBe of Trog (D:3)
  5 giant geckos
  An orc (D:4)
  9 bats
  4 giant cockroaches
  12 hobgoblins
  6 kobolds
  4 quokkas
  2 ball pythons (Sewer)
  8 giant newts
  13 goblins
  A jackal (D:2)
  9 rats
102 creatures vanquished.

Notes
Turn   | Place    | Note
--------------------------------------------------------------
     0 | D:1      | Ordine the Octopode Fighter began the quest for the Orb.
     0 | D:1      | Reached XP level 1. HP: 16/16 MP: 1/1
    51 | D:1      | Reached XP level 2. HP: 9/21 MP: 2/2
   884 | D:2      | Found an iron altar of Okawaru.
   890 | D:2      | Reached XP level 3. HP: 22/26 MP: 3/3
   966 | D:2      | Noticed Crazy Yiuf
   975 | D:2      | Killed Crazy Yiuf
   975 | D:2      | Reached skill level 4 in Fighting
   975 | D:2      | Reached XP level 4. HP: 19/33 MP: 4/4
  1133 | D:2      | Found a glowing golden altar of the Shining One.
  1147 | D:2      | Found a radiant altar of Vehumet.
  1219 | D:2      | Found a blossoming altar of Fedhas.
  1532 | D:2      | Found an opulent altar of Gozag.
  1598 | D:2      | Reached XP level 5. HP: 32/38 MP: 5/5
  1758 | D:2      | Found a shattered altar of Ashenzari.
  1759 | D:2      | Found a shadowy altar of Dithmenos.
  1767 | D:2      | Became a worshipper of Dithmenos the Shadowed
  2249 | D:3      | Noticed deadman1740's ghost (weakling MiBe)
  2259 | D:3      | Killed deadman1740's ghost
  2401 | D:3      | Found a glowing drain.
  2501 | Sewer    | Entered a sewer
  2526 | Sewer    | Noticed Purgy
  3207 | Sewer    | Gained mutation: You are covered in fur (AC +1). [potion of mutation]
  3207 | Sewer    | Gained mutation: Your muscles are strong. (Str +2) [potion of mutation]
  3207 | Sewer    | Gained mutation: Your muscles are very strong. (Str +4) [potion of mutation]
  3208 | Sewer    | Lost mutation: Your muscles are very strong. (Str +4) [potion of mutation]
  3219 | Sewer    | Killed Purgy
  3219 | Sewer    | Reached skill level 5 in Fighting
  3219 | Sewer    | Reached XP level 6. HP: 9/45 MP: 6/6
  4504 | D:4      | Found Giryim's Assorted Antiques.
  4511 | D:4      | Noticed Robin
  4528 | D:4      | Killed Robin
  4591 | D:4      | Bought a scroll of identify for 48 gold pieces
  4591 | D:4      | Bought a scroll of identify for 48 gold pieces
  4591 | D:4      | Bought a scroll of identify for 48 gold pieces
  4644 | D:4      | Found a stormy altar of Qazlal.
  4656 | D:4      | You fall through a shaft for 3 floors!
  4844 | D:5      | Entered Level 5 of the Dungeon
  4877 | D:5      | Found Wasyden's Jewellery Shoppe.
  4882 | D:5      | Reached skill level 5 in Long Blades
  4960 | D:5      | Found a staircase to the Ecumenical Temple.
  4997 | D:4      | Reached skill level 6 in Fighting
  4997 | D:4      | Reached XP level 7. HP: 36/52 MP: 7/7
  5197 | D:4      | Killed from afar by an orc priest

Vault maps used:
D:1:      eino_arrival_water_star
D:2:      wad_river_or_something, nicolae_gozag_cash_rules_everything_around_me,
          grunt_temple_overflow_open, uniq_crazy_yiuf_cottage
D:3:      gup_sewer_entry_spiral
D:4:      lemuel_doored_altar, old_standard_altar, first_bread, serial_shops,
          shop, uniq_robin, uniq_edmund
D:5:      minmay_temple_entry_purple_smoke, serial_shops, shop_fountains,
          grunt_ministairs_14
D:6:      lemuel_round_altar, nicolae_ossuary_entry_catacombs, uniq_grinder
Sewer:    sewer_co_purgy_island

Action                   |  1- 3 |  4- 6 |  7- 9 || total
-------------------------+-------+-------+-------++-------
Melee: Long sword        |    42 |   163 |    20 ||   225
Throw: Stone             |       |    13 |       ||    13
Evoke: Wand              |       |     3 |       ||     3
  Use: Potion            |     1 |     8 |       ||     9
       Scroll            |       |    11 |       ||    11
 Stab: Sleeping          |     5 |    17 |       ||    22
  Eat: Chunk             |       |     9 |       ||     9
       Bread ration      |       |     1 |       ||     1
